 Dungeon Crawl Stone Soup version 0.18-a0-1225-g5d63bca (webtiles) character file.

218 Duffy the Ruffian (level 5, 0/40 HPs)
             Began as a Draconian Transmuter on Feb 3, 2016.
             Slain by Grinder (2 damage)
             ... while paralysed by Grinder
             ... on level 4 of the Dungeon.
             The game lasted 00:03:18 (3541 turns).

Duffy the Ruffian (Draconian Transmuter)            Turns: 3541, Time: 00:03:18

Health: 0/40       AC:  8    Str: 13    XL:     5   Next: 63%
Magic:  8/8        EV:  2    Int: 13    God:
Gold:   60         SH:  0    Dex: 12    Spells: 1 memorised, 7 levels left

rFire  . . .     SeeInvis .       - Unarmed
rCold  . . .     Gourm    .     (armour unavailable)
rNeg   . . .     Faith    .     (no shield)
rPois  .         Spirit   .     (helmet restricted)
rElec  .         Dismiss  .     (no cloak)
rCorr  .         Reflect  .     m - +2 pair of gloves
SustAt .         Harm     .     (no boots)
MR     .....                    (no amulet)
Stlth  +.........               (no ring)
                                (no ring)

@: paralysed, not resistant to hostile enchantments, very unstealthy
A: unfitting armour, cold-blooded, AC +5
a: no special abilities


You were on level 4 of the Dungeon.
You were hungry.

You visited 1 branch of the dungeon, and saw 4 of its levels.

You collected 60 gold pieces.


Innate Abilities, Weirdness & Mutations

Your plain brown scales are hard (AC +5).
Your body does not fit into most forms of armour.
You are cold-blooded and may be slowed by cold attacks.


   Skills:
 - Level 1.1 Fighting
 - Level 1.7 Dodging
 + Level 6.4 Unarmed Combat
 - Level 2.0 Spellcasting
 - Level 2.0 Transmutations


You had 7 spell levels left.
You knew the following spells:

 Your Spells              Type           Power        Failure   Level  Hunger
a - Beastly Appendage     Trmt           #.....       12%         1    ##.....

Inventory:

Missiles
 a - 12 arrows
 k - 26 poisoned needles
Armour
 m - a +2 pair of gloves (worn)
Wands
 n - a wand of polymorph (0/24)
Scrolls
 e - a scroll of random uselessness {unknown}
 f - a scroll of identify {unknown}
 o - 2 scrolls of enchant armour {unknown}
 p - 2 scrolls of magic mapping {unknown}
 q - 2 scrolls of remove curse {unknown}
 s - a scroll of enchant weapon {unknown}
 t - a scroll of amnesia {unknown}
 u - a scroll of teleportation {unknown}
 w - a scroll of recharging {unknown}
Potions
 d - a potion of flight {unknown}
 g - 2 potions of agility {unknown}
 h - a potion of might {unknown}
 i - a potion of curing {unknown}
 j - a potion of haste {unknown}
 l - a potion of mutation {unknown}
 v - a potion of poison {unknown}
 x - a potion of invisibility {unknown}
 z - a potion of ambrosia {unknown}
Books
 b - a book of Changes
Comestibles
 c - a bread ration
 r - a slice of pizza
 A - a chunk of flesh

Dungeon Overview and Level Annotations

Branches:
Dungeon (4/15)
 Temple: D:4-7

Altars:
Kikubaaqudgha
The Shining One

Annotations:
D:4 Grinder


Message History

You closely miss Grinder.
Grinder is heavily wounded.
A jackal comes into view.
You closely miss Grinder.
Grinder is heavily wounded.
Grinder says, "You look like you could use a good racking."
Grinder misses you.
The jackal moves out of view.
You are feeling hungry.
You hit Grinder.
Grinder is severely wounded.
Grinder hits you.
You writhe in agony.
You hit Grinder.
Grinder is severely wounded.
Grinder hits you.
You writhe in agony.
Grinder gestures at you.
You suddenly lose the ability to move!
Grinder barely misses you. Grinder hits you.
You writhe in agony.
Grinder says, "Just stop there for a second..."
Grinder gestures.
Grinder blinks!
You can move again.
The jackal bites you but does no damage.
The jackal misses you. The jackal completely misses you.
Grinder gestures.
Grinder blinks!
The jackal bites you.
You punch the jackal!
You kill the jackal!
Grinder gestures at you.
You suddenly lose the ability to move!
Grinder rolls his eyes.
Grinder hits you. Grinder hits you.
You die...

#............#
#.####.####..# #.#
#.# #..# #.# #.#
#..# #.# #.# #..#
#<# #.####[.# #.#
#.......###.#
#.#########......#
#.%@5.......####.#
###########.# #.#
#0# #.# #.# #.# ..


You could see Grinder.

Action                   |  1- 3 |  4- 6 || total
-------------------------+-------+-------++-------
Melee: Unarmed           |   112 |   187 ||   299
Evoke: Wand              |       |     1 ||     1
  Eat: Chunk             |     2 |     6 ||     8

Notes
Turn   | Place    | Note
--------------------------------------------------------------
     0 | D:1      | Duffy the Draconian Transmuter began the quest for the Orb.
     0 | D:1      | Reached XP level 1. HP: 16/16 MP: 3/3
   429 | D:1      | Reached XP level 2. HP: 17/23 MP: 5/5
   625 | D:1      | Reached skill level 4 in Unarmed Combat
  1052 | D:2      | Reached XP level 3. HP: 18/28 MP: 6/6
  1258 | D:2      | Noticed Terence
  1405 | D:1      | Killed Terence
  1770 | D:2      | Reached XP level 4. HP: 33/35 MP: 7/7
  1799 | D:2      | Reached skill level 5 in Unarmed Combat
  2642 | D:3      | Reached XP level 5. HP: 38/40 MP: 8/8
  2762 | D:3      | Found a faded altar to an unknown god.
  2870 | D:3      | Found a glowing golden altar of the Shining One.
  2974 | D:3      | Reached skill level 6 in Unarmed Combat
  3038 | D:3      | Found an ancient bone altar of Kikubaaqudgha.
  3318 | D:4      | Noticed Grinder
  3530 | D:4      | Paralysed by Grinder for 5 turns
  3538 | D:4      | Paralysed by Grinder for 4 turns
  3541 | D:4      | Slain by Grinder

Vault maps used:
D:1:      saegor_arrival_simple_d
D:2:      uniq_terence
D:3:      lemuel_round_altar, ecumenical_altar_1, tso_altar
D:4:      temple_doors_c, portal_sewer_entry_b, uniq_grinder, uniq_eustachio

Vanquished Creatures
  An orc wizard Terence
  A worker ant
  A hound zombie
  5 adders
  2 worms
  A giant gecko
  11 orcs
  A ball python
  2 giant cockroaches
  10 goblins
  4 hobgoblins
  4 jackals
  5 kobolds
  A quokka
  6 bats
  2 giant newts
  7 rats
65 creatures vanquished.
